 Dungeon Crawl Stone Soup version 0.19-a0-1608-g4cf22de (webtiles) character file.

16781 Alarkh the Carver (level 12, -1/84 HPs)
             Began as a Mummy Necromancer on Sept 17, 2016.
             Was a High Priest of Okawaru.
             Slain by a black mamba (6 damage)
             ... on level 1 of the Lair of Beasts.
             The game lasted 00:29:21 (13981 turns).

Alarkh the Carver (Mummy Necromancer)              Turns: 13981, Time: 00:29:21

Health: -1/84      AC:  9    Str: 11    XL:     12   Next: 13%
Magic:  2/21       EV: 17    Int: 20    God:    Okawaru [*****.]
Gold:   192        SH:  7    Dex: 12    Spells: 3 memorised, 15 levels left

rFire  . . .     SeeInvis +     a - +4 scimitar (flame)
rCold  + . .     Gourm    .     F - +2 robe {rF+}
rNeg   + + +     Faith    +     r - +0 buckler
rPois  ∞         Spirit   .     C - +1 hat
rElec  .         Dismiss  .     c - +1 cloak
rCorr  +         Reflect  .     (no gloves)
MR     +....     Harm     .     u - +0 pair of boots
Stlth  ++++......               i - amulet of faith
                                D - ring of see invisible
                                m - ring of resist corrosion

@: heroism
A: no food or potions, fire vulnerability, cold resistance 1, negative energy
resistance 3, torment resistance, unbreathing
a: Heroism, Finesse, Renounce Religion


You were on level 1 of the Lair of Beasts.
You worshipped Okawaru.
Okawaru was extremely pleased with you.
You were not hungry.

You visited 3 branches of the dungeon, and saw 12 of its levels.

You collected 541 gold pieces.
You spent 349 gold pieces at shops.

Inventory:

Hand Weapons
 a - a +4 scimitar of flaming (weapon)
 b - a +1 spear of venom
Missiles
 G - 4 throwing nets (quivered)
Armour
 c - a +1 cloak (worn)
 h - a +2 scale mail of poison resistance
 r - a +0 buckler (worn)
 u - a +0 pair of boots (worn)
 C - a +1 hat (worn)
 F - a +2 robe of fire resistance (worn)
Magical Staves
 j - an uncursed staff of poison
 l - an uncursed staff of summoning {unknown}
Jewellery
 f - an uncursed ring of flight
 i - an amulet of faith (around neck)
 m - a ring of resist corrosion (left hand)
 v - an uncursed ring of ice
 D - a ring of see invisible (right hand)
 K - an uncursed ring of wizardry
Wands
 p - a wand of teleportation (4/9)
 x - a wand of iceblast (2/15)
 z - a wand of iceblast (3/15)
Scrolls
 d - 2 scrolls of magic mapping
 e - a scroll of identify
 g - 5 scrolls of remove curse
 k - a scroll of fog
 n - a scroll of recharging
 o - 4 scrolls of enchant armour
 A - a scroll of blinking
 H - a scroll of torment {unknown}
 J - a scroll of amnesia {unknown}


   Skills:
 + Level 4.5(9.5) Fighting
 * Level 11.4(16.4) Long Blades
 + Level 3.6(8.6) Armour
 + Level 3.8(8.8) Dodging
 - Level 2.4(7.4) Stealth
 + Level 6.4(11.4) Shields
 - Level 6.0 Spellcasting
 - Level 8.0 Necromancy


You had 15 spell levels left.
You knew the following spells:

 Your Spells              Type           Power        Failure   Level  Hunger
a - Vampiric Draining     Necr           #####.....   1%          3    N/A
c - Control Undead        Necr           #####.....   4%          4    N/A
e - Pain                  Necr           ####         1%          1    N/A

Dungeon Overview and Level Annotations

Branches:
Dungeon (9/15)             Temple (1/1) D:7            Lair (2/6) D:8
 Spider (0/4) Lair:2
  Swamp: Lair:2-4    Shoals: Lair:2-4       Orc: D:9-12

Altars:
Ashenzari
Cheibriados
Dithmenos
Elyvilon
Fedhas
Gozag
Hepliaklqana
Kikubaaqudgha
Makhleb
Nemelex Xobeh
Okawaru
Qazlal
Ru
Sif Muna
Trog
Uskayaw
Vehumet
Xom
Yredelemnul
Zin
The Shining One

Shops:
D:4 =   D:9 (}?

Annotations:
D:7 exclusion: oklob plant


Innate Abilities, Weirdness & Mutations

You do not eat or drink.
Your flesh is vulnerable to fire.
You are immune to poison.
Your flesh is cold resistant. (rC+)
You are immune to negative energy. (rN+++)
You are immune to unholy pain and torment.
You can survive without breathing.


Message History

Okawaru accepts your kill.
You feel life coursing into your body.
You start resting.
You start resting.
A black mamba comes into view.
The black mamba moves out of view.
There is a stone staircase leading down here.
The black mamba hisses angrily.
Okay, then.
You gain the combat prowess of a mighty hero.
Casting: Vampiric Draining
Confirm with . or Enter, or press ? or * to list all spells.
Aiming: Vampiric Draining
Press: ? - help, Shift-Dir - straight line, f - black mamba
Aim: a black mamba The black mamba is lightly wounded.
You feel life coursing into your body. The black mamba bites you!
* * * LOW HITPOINT WARNING * * *
The black mamba bites you.
You die...

#.##..............#..
#.##..............##.
#..#...............#.
#.##.....##.......##.
#..#......#..........
#.#......#........##.
#############..#.....##.......##.
...[.................##..........
P.............##@.....#......(##.
..............##S....#.(.........
..P###.######..#.....##..........
..## ### #.##.....##.(........
..#### #.#P.................
#....# ##.##.................
##...# #..##...[.......%.....
#....# ##.##.>......%.P......
##...## #.##†††%....P........


You could see a black mamba.

Vanquished Creatures
  Gastronok (D:7)
  Harold (Lair:2)
  A hydra (Lair:2)
  Erica (D:8)
  The ghost of p0werm0de the Grappler, a novice DrCK of Xom (D:8)
  2 black mambas (Lair:2)
  5 spiny frogs
  A jumping spider (Lair:2)
  A two-headed ogre (D:9)
  Prince Ribbit (D:8)
  A hippogriff (Lair:1)
  2 spriggans (Lair:2)
  A hungry ghost (D:7)
  13 yaks
  A wyvern (D:9)
  4 water moccasins
  6 porcupines
  3 orc warriors (D:8)
  A wasp (D:9)
  2 sky beasts
  An ice beast (D:8)
  9 ogres
  12 wolves
  6 centaurs
  5 crocodiles
  6 bullfrogs
  2 scorpions (D:8)
  A wyvern skeleton (D:9)
  16 killer bees
  5 wights
  3 howler monkeys
  3 crimson imps
  2 bullfrog skeletons
  2 centaur skeletons
  3 orc priests
  6 hounds
  16 jellies
  4 orc wizards
  5 iguanas
  5 worker ants
  A killer bee zombie (D:7)
  4 gnolls (D:8)
  2 howler monkey skeletons (D:5)
  14 adders
  A river rat (D:8)
  13 oozes
  3 adder skeletons
  A worm (D:2)
  3 dart slugs
  7 leopard geckos
  15 orcs
  3 ball pythons
  6 giant cockroaches
  A goblin (D:2)
  11 hobgoblins
  13 jackals
  6 bats
  6 frilled lizards
  6 kobolds
  A leopard gecko skeleton (D:7)
  2 quokka skeletons
  18 rats
298 creatures vanquished.

Vanquished Creatures (others)
  17 fungi
  12 plants
29 creatures vanquished.

Grand Total: 327 creatures vanquished

Notes
Turn   | Place    | Note
-------+----------+-------------------------------------------
     0 | D:1      | Alarkh the Mummy Necromancer began the quest for the Orb.
     0 | D:1      | Reached XP level 1. HP: 13/13 MP: 3/3
   331 | D:1      | Reached XP level 2. HP: 4/19 MP: 1/5
  1040 | D:1      | Reached XP level 3. HP: 20/24 MP: 1/7
  1047 | D:1      | Learned a level 3 spell: Vampiric Draining
  1357 | D:2      | Found a hide-covered altar of Uskayaw.
  1383 | D:2      | Found a blossoming altar of Fedhas.
  1383 | D:2      | Found a sparkling altar of Nemelex Xobeh.
  1514 | D:2      | Found a shadowy altar of Dithmenos.
  1772 | D:2      | Reached XP level 4. HP: 30/30 MP: 5/8
  2046 | D:3      | Reached skill level 5 in Necromancy
  2462 | D:3      | HP: 1/30 [hound (4)]
  2788 | D:3      | Learned a level 4 spell: Control Undead
  2833 | D:3      | Reached XP level 5. HP: 35/35 MP: 2/10
  3535 | D:4      | Found Joynet's Jewellery Emporium.
  3848 | D:4      | Noticed an ogre
  3884 | D:4      | Killed an ogre
  3884 | D:4      | Reached XP level 6. HP: 31/41 MP: 0/12
  3911 | D:4      | Found a shimmering altar of Xom.
  4468 | D:5      | Entered Level 5 of the Dungeon
  4629 | D:5      | Reached skill level 1 in Shields
  4629 | D:5      | Reached XP level 7. HP: 42/46 MP: 10/14
  4638 | D:5      | Reached skill level 5 in Spellcasting
  5069 | D:5      | HP: 2/46 [ogre/giant club (23)]
  5441 | D:5      | Reached XP level 8. HP: 30/52 MP: 1/16
  5652 | D:4      | Bought an uncursed ring of flight for 175 gold pieces
  6158 | D:5      | Reached skill level 1 in Fighting
  6484 | D:6      | Found a radiant altar of Vehumet.
  6963 | D:7      | Noticed an oklob plant
  6972 | D:7      | Reached skill level 1 in Armour
  6973 | D:7      | Reached skill level 1 in Long Blades
  7105 | D:7      | Found an ancient bone altar of Kikubaaqudgha.
  7391 | D:7      | Found a staircase to the Ecumenical Temple.
  7410 | Temple   | Entered the Ecumenical Temple
  7529 | Temple   | Became a worshipper of Warmaster Okawaru
  7716 | D:7      | Reached XP level 9. HP: 52/62 MP: 18/18
  7797 | D:8      | Reached skill level 2 in Long Blades
  7815 | D:8      | Got a faintly glowing scale mail
  7828 | D:8      | Identified the +0 scale mail "Feticy" {Str+4 Dex+4} (You found it on level 8 of the Dungeon)
  7857 | D:8      | Noticed Gastronok
  7967 | D:7      | Killed Gastronok
  7967 | D:7      | Reached * piety under Okawaru
  7967 | D:7      | Reached ** piety under Okawaru
  7967 | D:7      | Reached skill level 5 in Long Blades
  7967 | D:7      | Reached skill level 5 in Shields
  8164 | D:8      | Noticed Prince Ribbit
  8172 | D:8      | Reached skill level 6 in Long Blades
  8172 | D:8      | Reached XP level 10. HP: 65/68 MP: 16/19
  8221 | D:8      | Reached *** piety under Okawaru
  8236 | D:8      | Killed Prince Ribbit
  8664 | D:4      | Bought an uncursed ring of see invisible for 150 gold pieces
  8740 | D:7      | Reached skill level 7 in Long Blades
  8859 | D:8      | Found an opulent altar of Gozag.
  9028 | D:8      | Noticed p0werm0de's ghost (novice DrCK)
  9055 | D:8      | Noticed Erica
  9060 | D:8      | Killed p0werm0de's ghost
  9060 | D:8      | Reached skill level 8 in Long Blades
  9312 | D:8      | Found a staircase to the Lair.
  9411 | D:8      | Killed Erica
  9458 | D:8      | Found a sparkling altar of Nemelex Xobeh.
  9778 | D:9      | Reached skill level 9 in Long Blades
  9811 | D:9      | Found Dezuz's Magic Scroll Shop.
  9814 | D:9      | Bought a scroll of identify for 24 gold pieces
  9866 | D:9      | Reached **** piety under Okawaru
 10036 | D:9      | Found Pyroytot's Gadget Shop.
 10128 | D:9      | Found Gusmilia's Weapon Shoppe.
 10255 | D:9      | Reached XP level 11. HP: 52/73 MP: 18/20
 10304 | D:8      | Reached skill level 10 in Long Blades
 10582 | D:9      | Found a hazy altar of Hepliaklqana.
 10582 | D:9      | Found a glowing golden altar of the Shining One.
 10686 | D:9      | Found a bloodstained altar of Trog.
 10830 | D:9      | Found a white marble altar of Elyvilon.
 10953 | Lair:1   | Entered Level 1 of the Lair of Beasts
 10968 | Lair:1   | Received a gift from Okawaru
 10968 | Lair:1   | Reached ***** piety under Okawaru
 12736 | Lair:2   | Reached skill level 11 in Long Blades
 12749 | Lair:2   | Noticed Harold
 12771 | Lair:2   | Killed Harold
 12771 | Lair:2   | Received a gift from Okawaru
 12999 | Lair:2   | Noticed a six-headed hydra
 13093 | Lair:2   | Found a hole to the Spider Nest.
 13373 | Lair:2   | Reached XP level 12. HP: 41/83 MP: 6/21
 13809 | Lair:2   | Killed a one-headed hydra
 13981 | Lair:1   | Slain by a black mamba

Vault maps used:
D:1:      kilobyte_arrival_exit_the_forest, supply_closet_lemuel, st_stairs_8,
          minmay_misc_feat_square, minmay_liquid_box
D:2:      grunt_temple_overflow_open
D:4:      minmay_wonky_spiral, old_standard_altar, serial_shops,
          nicolae_shop_crystal
D:5:      first_bread
D:6:      overflow_temple_1_default
D:7:      lemuel_slime, marbit_many_paths
D:8:      nicolae_gozag_seed_capital, grunt_lair_entry_orc_guard_hut,
          grunt_ogre_cave, kennysheep_cross_bottleneck, st_stairs_9,
          nemelex_dance_club_becter, uniq_erica, uniq_gastronok,
          uniq_prince_ribbit1
D:9:      nicolae_overflow_hidden_temple, kennysheep_little_box, serial_shops,
          shop, shop, shop_statue
Temple:   nicolae_temple_figure_zero
Lair:1:   lemuel_fruit_tree
Lair:2:   wad_woods_tower, spider_nest_entry_rubble, special_room,
          serial_bayou_crossing, uniq_harold

Skill      XL: |  1  2  3  4  5  6  7  8  9 10 11 |
---------------+----------------------------------+-----
Spellcasting   | 3 4 5 6 |  6.0
Necromancy     | 5 6 7 8 |  8.0
Shields        | 1 2 4 5 6 |  6.4
Fighting       | 2 4 |  4.5
Armour         | 1 3 |  3.6
Stealth        | 2 |  2.4
Long Blades    | 1 6 9 11 | 11.4
Dodging        | 2 3 |  3.8

Action                   |  1- 3 |  4- 6 |  7- 9 | 10-12 || total
-------------------------+-------+-------+-------+-------++-------
Melee: Unarmed           |    29 |       |       |       ||    29
       Short sword       |     6 |    48 |       |       ||    54
       Spear             |       |    29 |   242 |    74 ||   345
       Long sword        |       |       |    15 |   147 ||   162
       Scimitar          |       |       |       |   431 ||   431
 Cast: Pain              |    77 |    88 |    60 |    74 ||   299
       Vampiric Draining |       |     3 |    19 |   117 ||   139
       Control Undead    |       |       |     2 |       ||     2
Invok: Heroism           |       |       |     1 |    13 ||    14
Evoke: Wand              |       |       |     5 |     3 ||     8
  Use: Scroll            |       |     5 |     7 |     9 ||    21
 Stab: Sleeping          |       |       |     1 |     6 ||     7
Armor: Robe              |    14 |    23 |    58 |    94 ||   189
       Scale mail        |       |       |    15 |    75 ||    90
Dodge: Dodged            |    44 |    60 |   164 |   335 ||   603
Block: Buckler           |       |     1 |    72 |   157 ||   230
